 Dungeon Crawl Stone Soup version 0.30-b1-2-g02819fbbbe (webtiles) character file.

Game seed: 2355319278133478442

79 nicanaca0 the Cudgeller (level 4, 0/39 HPs)
             Began as a Minotaur Berserker on Jan 3, 2024.
             Was a Believer of Trog.
             Killed by an exploding kobold (19 damage)
             ... ignited by their inner flame
             ... on level 3 of the Dungeon.
             The game lasted 00:03:37 (1747 turns).

nicanaca0 the Cudgeller (Minotaur Berserker)        Turns: 1747, Time: 00:03:38

Health: 0/39       AC:  5    Str: 21    XL:     4   Next: 17%
Magic:  3/3        EV: 11    Int:  6    God:    Trog [**....]
Gold:   36         SH:  0    Dex: 10    Spells: 3/3 levels left

rFire   . . .        a - +0 mace
rCold   . . .        (no shield)
rNeg    . . .        g - +0 ring mail
rPois   .            (helmet restricted)
rElec   .            (no cloak)
rCorr   .            (no gloves)
SInv    .            (no boots)
Will    .....        (no amulet) Stlth
                     (no ring)
HPRegen 0.26/turn    (no ring)
MPRegen 0.08/turn

%: no passive effects
@: no status effects
A: horns 2, retaliatory headbutt
a: Renounce Religion, Berserk, Trog's Hand


You were on level 3 of the Dungeon.
You worshipped Trog.
Trog was pleased with you.
You visited 1 branch of the dungeon, and saw 3 of its levels.

You collected 36 gold pieces.

Inventory:

Hand Weapons
 a - a +0 mace (weapon)
 p - a +3 quarterstaff of chaos
Missiles
 d - a throwing net (quivered)
 e - 27 stones
 f - 4 poisoned darts
Armour
 b - a +0 animal skin
 g - a +0 ring mail (worn)
 o - a +0 cloak
Jewellery
 k - a ring of magical power
Scrolls
 j - a scroll of fear {unknown}
 l - 3 scrolls of amnesia {unknown}
 m - a scroll of identify {unknown}
 n - a scroll of enchant weapon {unknown}
Potions
 c - 2 potions of curing {unknown}
 i - a potion of haste {unknown}


   Skills:
 - Level 3.6 Fighting
 * Level 6.1 Maces & Flails
 - Level 2.4 Armour
 - Level 2.1 Dodging


You had 3 spell levels left.
You didn't know any spells.
Your spell library was empty.

Dungeon Overview and Level Annotations

Branches:
Dungeon (3/15)

Altars:


Innate Abilities, Weirdness & Mutations

You have a pair of horns on your head.
You reflexively headbutt those who attack you in melee.


Message History

You feel a strong urge to attack something.
You start resting.
You feel your anger nearly subside.
You start resting.
You are no longer berserk.
You are exhausted.
You feel yourself slow down.
Your extra speed is starting to run out.
You feel yourself slow down.
You feel yourself speed up.
You recover from your berserk rage.
HP restored.
Done exploring.
Done exploring.
Done exploring.
Options error: Delay interrupt name "hungry" not recognised. (~/.crawlrc:102) Welcome back, nicanaca0 the Minotaur Berserker.
Trog says: Kill them all!
Press ? for a list of commands and other information.
Done exploring.
(D) Dungeon
Where to? (? - help)
There is an open translucent door, spattered with blood here.
You see here a +0 dagger.
There is a stone staircase leading down here.
You climb downwards.
There is a stone staircase leading up here.
A kobold comes into view.
It is wielding a +1 dagger of electrocution.
As you read the scroll labelled DOEXAMADDE, it crumbles to dust.
The creatures around you are filled with an inner flame!
It was a scroll of immolation.
The kobold attacks as you move away! The kobold hits you but does no damage.
The kobold attacks as you move away!
The kobold hits you with a +1 dagger of electrocution.
You are electrocuted!
You hit the kobold. Trog accepts your kill.
The kobold explodes!
The fiery explosion engulfs you!!
You die...

....... #........ #....#
#........ #....#
#.......# #....#
#.......# ####....#
#.......#
#....$..########.......#
#.....§§§..............#
#.....§§########.......#
##.....@# #.......#
#..$...# #....####
#......# ##....####
#......# #.........
#......# #.########
#......# #.# #......#
#.# ######## #.# #.#


There were no monsters in sight!

Vanquished Creatures
  Crazy Yiuf (D:2)
  An adder (D:2)
  2 worms (D:2)
  3 bats
  4 endoplasms
  4 goblins (D:2)
  2 hobgoblins
  5 kobolds
  4 quokkas
  2 ball pythons (D:2)
  2 frilled lizards
  7 rats
37 creatures vanquished.

Notes
Turn   | Place    | Note
-------+----------+-------------------------------------------
     0 | D:1      | nicanaca0 the Minotaur Berserker began the quest for the
                  | Orb.
     0 | D:1      | Reached XP level 1. HP: 19/19 MP: 0/0
   144 | D:1      | Reached skill level 4 in Maces & Flails
   255 | D:1      | Reached XP level 2. HP: 26/26 MP: 1/1
   631 | D:2      | Reached skill level 5 in Maces & Flails
   681 | D:2      | Reached XP level 3. HP: 31/31 MP: 2/2
   917 | D:2      | Reached ** piety under Trog
  1049 | D:2      | Found a runed translucent door.
  1050 | D:2      | Noticed Crazy Yiuf
  1631 | D:2      | Killed Crazy Yiuf
  1632 | D:2      | Reached skill level 6 in Maces & Flails
  1632 | D:2      | Reached XP level 4. HP: 36/39 MP: 3/3
  1747 | D:3      | Killed by an exploding kobold... ignited by their inner
                  | flame

Illustrated notes

Levels and vault maps discovered:
D:1:      saegor_arrival_simple_d, layout_loops_cross, minmay_tetromino_o2
D:2:      layout_basic, minmay_misc_feat_x, uniq_crazy_yiuf_cottage
D:3:      layout_basic, kennysheep_generic_room_4, uniq_ijyb, uniq_robin

Skill      XL: |  1  2  3 |
---------------+----------+-----
Maces & Flails | 4 5 6 |  6.1
Fighting       | |  3.6
Armour         | |  2.4
Dodging        | |  2.1

Action                     |  1- 3 |  4- 6 || total
---------------------------+-------+-------++-------
  Melee: Mace              |    65 |     1 ||    66
         Headbutt          |     9 |       ||     9
 Invoke: Berserk           |     1 |       ||     1
    Use: Scroll            |       |     1 ||     1
 Armour: Ring mail         |    14 |     1 ||    15
  Dodge: Dodged            |    43 |       ||    43
